 Dungeon Crawl Stone Soup version 0.22.0-5-gf09313c8f9 (webtiles) character file.

8225 KamiKatze the Slicer (level 11, -1/56 HPs)
             Began as a Vine Stalker Fighter on Aug 13, 2018.
             Was a Follower of Uskayaw.
             Slain by a komodo dragon (19 damage)
             ... on level 9 of the Dungeon.
             The game lasted 00:44:30 (8649 turns).

KamiKatze the Slicer (Vine Stalker Fighter)         Turns: 8649, Time: 00:44:30

Health: -1/56      AC: 11    Str: 22    XL:     11   Next: 27%
Magic:  0/12       EV:  9    Int:  8    God:    Uskayaw [*.....]
Gold:   411        SH: 11    Dex: 12    Spells: 10/10 levels left

rFire    . . .     SeeInvis .   a - +10 rapier "Qaofruc" {flame, +Blink rPois Dex-2}
rCold    + + .     Gourm    .   c - +1 shield
rNeg     + . .     Faith    .   K - +3 scale mail {rC+}
rPois    +         Spirit   +   (no helmet)
rElec    .         Reflect  .   (no cloak)
rCorr    .         Harm     .   (no gloves)
MR       +....                  e - +0 pair of boots
Stlth    ..........             (no amulet)
HPRegen  0.58/turn              s - ring of protection from cold
MPRegen  0.13/turn              l - ring of positive energy

@: no status effects
A: fangs 3, regeneration 1, magic shield, antimagic bite, no potion heal 3, rot
immunity
a: Stomp, Renounce Religion, Evoke Blink


You were on level 9 of the Dungeon.
You worshipped Uskayaw.
Uskayaw was noncommittal.
You were hungry.

You visited 3 branches of the dungeon, and saw 13 of its levels.
You also visited: Sewer and Ossuary.

You collected 425 gold pieces.
You spent 14 gold pieces at shops.

Inventory:

Hand Weapons
 a - the +10 rapier "Qaofruc" (weapon) {flame, +Blink rPois Dex-2}
   (You found it on level 5 of the Dungeon)

   It has been specially enchanted to burn those struck by it, causing extra
   injury to most foes and up to half again as much damage against particularly
   susceptible opponents.
   It affects your dexterity (-2).
   It protects you from poison.
   It lets you blink.
 b - a +2 short sword of electrocution
 g - the +7 rapier "Vine's Bane" {antimagic, rF+ rC- rN+}
   (You found it on level 8 of the Dungeon)

   It reduces the magical energy of the wielder, and disrupts the spells and
   magical abilities of those hit.
   Natural abilities and divine invocations are not affected.
   It protects you from fire.
   It makes you vulnerable to cold.
   It protects you from negative energy.
Missiles
 k - 7 tomahawks of returning
 v - 6 tomahawks (quivered)
 w - 5 steel javelins
 H - 5 throwing nets
Armour
 c - a +1 shield (worn)
 e - a +0 pair of boots (worn)
 u - a +0 chain mail
 I - a +0 plate armour
 K - a +3 scale mail of cold resistance (worn)
Jewellery
 l - a ring of positive energy (right hand)
 s - a ring of protection from cold (left hand)
Wands
 t - a wand of paralysis (10)
 J - a wand of disintegration (11)
Scrolls
 j - 4 scrolls of teleportation
 q - 8 scrolls of remove curse
 x - 2 scrolls of amnesia {unknown}
 y - a scroll of immolation {unknown}
 z - a scroll of torment {unknown}
 B - 2 scrolls of fog
 C - a scroll of enchant weapon
 E - a scroll of blinking {unknown}
 F - a scroll of vulnerability {unknown}
 L - a scroll of enchant armour
 M - 2 scrolls of magic mapping {unknown}
 N - a scroll of silence {unknown}
Potions
 d - a potion of might
 h - a potion of cancellation
 i - 6 potions of curing
 m - 3 potions of agility
 n - 3 potions of haste
 o - 7 potions of brilliance
 p - 5 potions of flight
 r - 3 potions of invisibility
 A - 4 potions of lignification
 O - a potion of mutation {unknown}
Comestibles
 f - 17 rations
 G - 5 chunks of flesh


   Skills:
 + Level 5.6 Fighting
 * Level 12.4 Short Blades
 + Level 5.1 Armour
 + Level 3.5 Dodging
 + Level 5.6 Shields


You had 10 spell levels left.
You didn't know any spells.
Your spell library contained the following spells:

 Spells                   Type           Power        Failure   Level  Hunger
 Confuse                  Hex            #.......     100%        3    ####...
 Tukima's Dance           Hex            #.......     100%        3    ####...
 Ensorcelled Hibernation  Hex/Ice        #.....       99%         2    ###....
 Corona                   Hex            #......      98%         1    ##.....
 Dazzling Spray           Conj/Hex       #.....       100%        3    ####...


Dungeon Overview and Level Annotations

Branches:
Dungeon (10/15)            Temple (1/1) D:4            Lair (0/6) D:9
    Orc (2/2) D:9
    Elf: Orc:2

Altars:
Ashenzari
Cheibriados
Dithmenos
Elyvilon
Fedhas
Gozag
Hepliaklqana
Kikubaaqudgha
Makhleb
Nemelex Xobeh
Okawaru
Qazlal
Ru
Sif Muna
Trog
Uskayaw
Vehumet
Wu Jian
Xom
Yredelemnul
Zin
The Shining One

Shops:
D:6 !   D:7 %

Annotations:
D:6 exclusions: electric eel, plant and 1 more exclusion


Innate Abilities, Weirdness & Mutations

You have razor-sharp teeth.
Your natural rate of healing is unusually fast.
When hurt, damage is shared between your health and your magic reserves.
Your bite disrupts and absorbs the magic of your enemies.
Potions cannot restore your health.
You are immune to rotting.


Message History

You destroy the plant!
Your shield prevents you from hitting the komodo dragon.
You bite the komodo dragon, but do no damage.
The komodo dragon barely misses you.
You puncture the komodo dragon! You burn the komodo dragon.
You bite the komodo dragon, but do no damage.
The komodo dragon is moderately wounded.
You closely miss the komodo dragon.
You bite the komodo dragon, but do no damage.
The komodo dragon is moderately wounded.
The komodo dragon bites you!!
You hit the komodo dragon. You burn the komodo dragon.
Your bite misses the komodo dragon.
The komodo dragon is moderately wounded.
The komodo dragon hisses menacingly.
The komodo dragon bites you!!
* * * LOW HITPOINT WARNING * * *
You are too injured to fight recklessly!
The komodo dragon bites you!!
You die...

#........########
#.## #.###.####
#.# # #.## #.##
#. #..# ##.##
##.# ##.# ##..
##...###.# ##.
##PP...##.# #.
#PPP....#.# #.
#PPP..$.#@# ##
#PPPP...l.#
#PPPP.....#
#PP.P.....#
#PP..PP..##
#P.>.PP..#
#P%.PPP.##


#PPPPPP.# ##PPPPP## You could see a komodo dragon.

Vanquished Creatures
  Harold (D:7)
  Joseph (D:7)
  3 trolls (D:9)
  Sigmund (D:2)
  3 ice beasts
  7 orc warriors (D:9)
  2 phantoms (D:4)
  3 sky beasts
  2 black bears
  8 ogres
  5 centaurs
  6 bullfrogs
  2 big kobolds (D:9)
  3 gnoll sergeants (D:9)
  A wyvern zombie (D:8)
  3 water moccasin zombies (Ossuary)
  4 scorpions
  A wyvern skeleton (D:8)
  6 killer bees (D:7)
  4 wights (D:6)
  3 crimson imps
  A howler monkey (D:4)
  A centaur zombie (D:5)
  An electric eel (D:6)
  8 hounds
  5 orc priests
  A jelly (D:5)
  4 orc wizards
  A centaur skeleton (D:6)
  A bullfrog skeleton (D:6)
  Natasha (thrice) (D:2)
  7 iguanas
  5 worker ants
  3 big kobold zombies (Ossuary)
  2 mummies (Ossuary)
  2 hound skeletons (D:7)
  13 gnolls
  7 adders
  4 river rats (Sewer)
  2 shadow imps
  6 adder zombies (Ossuary)
  2 adder skeletons
  3 dart slugs
  5 leopard geckos
  30 orcs
  7 ball pythons
  9 bats
  7 giant cockroaches
  A gnoll zombie (Ossuary)
  A goblin (D:1)
  4 hobgoblins
  6 jackals (D:2)
  24 kobolds
  4 quokkas
  2 frilled lizards
  5 hobgoblin zombies (Ossuary)
  5 kobold zombies (Ossuary)
  10 orc zombies (Ossuary)
  27 rats
  A plant (D:9)
299 creatures vanquished.

Vanquished Creatures (others)
  An unseen horror (D:7)
1 creature vanquished.

Grand Total: 300 creatures vanquished

Notes
Turn   | Place    | Note
-------+----------+-------------------------------------------
     0 | D:1      | KamiKatze the Vine Stalker Fighter began the quest for the Orb.
     0 | D:1      | Reached XP level 1. HP: 11/11 MP: 2/2
   177 | D:1      | Reached skill level 2 in Short Blades
   242 | D:1      | Reached XP level 2. HP: 16/16 MP: 3/3
   677 | D:2      | Reached XP level 3. HP: 17/19 MP: 2/4
   765 | D:2      | Noticed Sigmund
   769 | D:2      | Killed Sigmund
   769 | D:2      | Reached skill level 3 in Short Blades
   769 | D:2      | Gained mutation: Your natural rate of healing is unusually fast. [Vine Stalker growth]
   769 | D:2      | Reached XP level 4. HP: 11/24 MP: 2/5
   769 | D:2      | Reached XP level 5. HP: 13/28 MP: 2/6
   798 | D:2      | Noticed Natasha
   807 | D:2      | Killed Natasha
  1000 | D:2      | Noticed Natasha
  1009 | D:2      | Killed Natasha
  1009 | D:2      | Reached XP level 6. HP: 25/32 MP: 4/7
  1187 | D:2      | Noticed Natasha
  1191 | D:2      | Killed Natasha
  1456 | D:3      | Found a sacrificial altar of Ru.
  1850 | D:4      | Noticed a phantom
  1851 | D:4      | Noticed a phantom
  1871 | D:4      | Reached skill level 4 in Short Blades
  1987 | D:4      | Found a blossoming altar of Fedhas.
  2019 | D:4      | Found a glowing drain.
  2050 | Sewer    | Entered a sewer
  2274 | Sewer    | Reached XP level 7. HP: 37/37 MP: 8/8
  2670 | D:4      | Reached skill level 1 in Dodging
  2827 | D:4      | Reached skill level 5 in Short Blades
  2897 | D:4      | Gained mutation: You have razor-sharp teeth. [Vine Stalker growth]
  2897 | D:4      | Reached XP level 8. HP: 42/42 MP: 9/9
  3148 | D:4      | Found a staircase to the Ecumenical Temple.
  3153 | Temple   | Entered the Ecumenical Temple
  3469 | D:5      | Entered Level 5 of the Dungeon
  3829 | D:5      | Found a glowing golden altar of the Shining One.
  3931 | D:5      | Found an ornate altar of the Wu Jian Council.
  4042 | D:5      | Got a sapphire rapier
  4043 | D:5      | Identified the +10 rapier "Qaofruc" {flame, +Blink rPois Dex-2} (You found it on level 5 of the Dungeon)
  4072 | D:5      | Reached skill level 6 in Short Blades
  4140 | D:5      | Found an opulent altar of Gozag.
  4140 | D:5      | Found a hide-covered altar of Uskayaw.
  4147 | D:5      | Became a worshipper of Uskayaw the Reveler
  4437 | D:5      | Reached * piety under Uskayaw
  4443 | D:5      | Reached ** piety under Uskayaw
  4444 | D:5      | Reached XP level 9. HP: 22/46 MP: 3/10
  4633 | D:6      | Found a sand-covered staircase.
  4638 | Ossuary  | Entered an ossuary
  4664 | Ossuary  | Reached skill level 7 in Short Blades
  4664 | Ossuary  | Reached *** piety under Uskayaw
  4750 | Ossuary  | Reached **** piety under Uskayaw
  5038 | D:6      | Reached skill level 8 in Short Blades
  5176 | D:6      | Found Odimmeb's Distillery.
  5181 | D:6      | Bought a potion of degeneration for 14 gold pieces
  5507 | D:6      | You fall through a shaft!
  5516 | D:7      | Reached skill level 9 in Short Blades
  6344 | D:7      | Noticed Harold
  6358 | D:7      | Killed Harold
  6358 | D:7      | Reached skill level 10 in Short Blades
  6358 | D:7      | Reached XP level 10. HP: 10/51 MP: 11/11
  6607 | D:7      | Noticed Joseph
  6628 | D:7      | Killed Joseph
  6661 | D:7      | Reached skill level 11 in Short Blades
  6682 | D:7      | Killed an unseen horror
  6684 | D:7      | Reached ***** piety under Uskayaw
  6933 | D:7      | Found a blossoming altar of Fedhas.
  6963 | D:7      | Found Kinojonu's Food Shoppe.
  7103 | D:8      | Got an ebony rapier
  7105 | D:8      | Identified the +7 rapier "Vine's Bane" {antimagic, rF+ rC- rN+} (You found it on level 8 of the Dungeon)
  7246 | D:8      | Reached skill level 5 in Fighting
  7246 | D:8      | Reached skill level 5 in Shields
  7331 | D:8      | Reached skill level 12 in Short Blades
  7914 | D:9      | Noticed a two-headed ogre
  8127 | D:9      | Found a staircase to the Orcish Mines.
  8136 | D:9      | Reached XP level 11. HP: 56/56 MP: 12/12
  8159 | D:9      | Reached ****** piety under Uskayaw
  8172 | D:9      | Reached skill level 5 in Armour
  8219 | Orc:1    | Entered Level 1 of the Orcish Mines
  8229 | Orc:2    | Entered Level 2 of the Orcish Mines
  8306 | D:10     | Entered Level 10 of the Dungeon
  8633 | D:9      | Found a staircase to the Lair.
  8649 | D:9      | Slain by a komodo dragon

Skill      XL: |  1  2  3  4  5  6  7  8  9 10 11 |
---------------+----------------------------------+-----
Short Blades   | 2 3 4 5 6 10 12 | 12.4
Fighting       | 3 4 5 |  5.6
Armour         | 3 4 5 |  5.1
Shields        | 3 4 5 |  5.6
Dodging        | 1 2 3 |  3.5

Action                   |  1- 3 |  4- 6 |  7- 9 | 10-12 || total
-------------------------+-------+-------+-------+-------++-------
Melee: Rapier            |    70 |   174 |   157 |   209 ||   610
       Bite              |    14 |    52 |    76 |    60 ||   202
       Short sword       |       |    15 |   142 |       ||   157
Throw: Tomahawk          |       |       |     4 |       ||     4
Evoke: Wand              |       |       |     1 |       ||     1
  Use: Potion            |     1 |       |     1 |       ||     2
       Scroll            |       |     7 |     7 |     5 ||    19
 Stab: Paralysed         |       |       |     6 |     9 ||    15
  Eat: Chunk             |       |     5 |     6 |     7 ||    18
       Ration            |       |       |     2 |       ||     2
Armor: Scale mail        |    46 |    86 |    63 |    47 ||   242
Dodge: Dodged            |    21 |    34 |    60 |    44 ||   159
Block: Shield            |    41 |    89 |   116 |    78 ||   324
